 Dungeon Crawl Stone Soup version 0.31-a0-1539-g569d6c7dce (webtiles) character file.

Game seed: 5897519169711305105

858 Flugslaktarn the Trooper (level 7, -18/66 HPs)
             Began as a Minotaur Fighter on Jan 1, 2024.
             Was a Follower of Uskayaw.
             Demolished by an ogre
             ... wielding a +0 giant spiked club
              (25 damage)
             ... on level 6 of the Dungeon.
             The game lasted 00:02:05 (4404 turns).

Flugslaktarn the Trooper (Minotaur Fighter)         Turns: 4404, Time: 00:02:06

Health: -18/66     AC:  7    Str: 21 (23) XL:     7   Next: 71%
Magic:  8/8        EV:  9    Int:  5      God:    Uskayaw [*.....]
Gold:   295        SH:  9    Dex:  8 (9)  Spells: 6/6 levels left

rFire   . . .        a - +1 war axe
rCold   + . .        n - +0 buckler
rNeg    . . .        b - +0 scale mail
rPois   .            (helmet restricted)
rElec   .            (no cloak)
rCorr   .            (no gloves)
SInv    +            (no boots)
Will    .....        e - amulet of reflection Stlth
                     c - ring of protection from cold
HPRegen 0.31/turn    i - ring of see invisible
MPRegen 0.11/turn

%: reflection
@: no status effects
A: horns 2, retaliatory headbutt
a: Renounce Religion, Stomp


You were on level 6 of the Dungeon.
You worshipped Uskayaw.
Uskayaw was noncommittal.
You visited 1 branch of the dungeon, and saw 6 of its levels.
You also visited: Sewer.

You collected 295 gold pieces.

Inventory:

Hand Weapons
 a - a +1 war axe (weapon)
Missiles
 o - a throwing net
Armour
 b - a +0 scale mail (worn)
 n - a +0 buckler (worn)
Jewellery
 c - a ring of protection from cold (left hand)
   (You found it on level 3 of the Dungeon)
 e - an amulet of reflection (around neck)
   (You found it on level 5 of the Dungeon)
 i - a ring of see invisible (right hand)
   (You found it on level 2 of the Dungeon)
Scrolls
 g - a scroll of revelation {unknown}
 k - a scroll of fog
 l - 2 scrolls of immolation {unknown}
 m - a scroll of noise {unknown}
Potions
 d - 5 potions of might
 f - a potion of mutation {unknown}
 h - a potion of cancellation {unknown}
 j - 2 potions of enlightenment
 q - 4 potions of curing


   Skills:
 * Level 7.0 Fighting
 * Level 6.3 Axes
 + Level 5.6 Armour
 - Level 3.6 Shields
 * Level 3.3 Invocations


You had 6 spell levels left.
You didn't know any spells.
Your spell library contained the following spells:

 Spells                   Type           Power      Damage    Failure   Level
 Call Canine Familiar     Summ           0%         N/A       99%         3
 Sigil of Binding         Hex            0%         N/A       99%         3
 Dimensional Bullseye     Hex/Tloc       0%         N/A       100%        4


Dungeon Overview and Level Annotations

Branches:
Dungeon (6/15)             Temple (0/1) D:4           Sewer (visited)

Altars:
Dithmenos
Elyvilon
Okawaru
Trog
Uskayaw

Shops:
D:1 :   D:4 *

Annotations:
D:4 3 runed translucent doors, Melkor's ghost, amateur DjHW; bmj180's ghost, amateur HuCj; night's ghost, novice VSAl


Innate Abilities, Weirdness & Mutations

You have a pair of horns on your head.
You reflexively headbutt those who attack you in melee.


Message History

The ogre hits you with a +0 giant club.
You slash the ogre! You headbutt the ogre.
You kill the ogre!
You can now pass through a line of other dancers.
Your Invocations skill increases to level 3!
No target in view!
No target in view!
No target in view!
You see here a +0 giant club.
HP restored.
You open the door.
A bullfrog comes into view.
Found a scroll labelled BUIC WEDUR.
The bullfrog croaks.
There is an open door here.
A bullfrog is nearby!
A bullfrog is nearby!
A bullfrog is nearby!
You closely miss the bullfrog.
You headbutt the bullfrog, but do no damage.
The bullfrog closely misses you.
You hit the bullfrog. You headbutt the bullfrog.
The bullfrog is moderately wounded.
The bullfrog hits you. x2
You closely miss the bullfrog. You headbutt the bullfrog!
The bullfrog is severely wounded.
The bullfrog barely misses you. x2; You furiously retaliate!
You headbutt the bullfrog!
You kill the bullfrog!
You can now pass through a line of other dancers.
You feel your strength returning.
No target in view!
No target in view!
l - a scroll labelled BUIC WEDUR No target in view!
You open the door.
A jelly comes into view.
The jelly quivers.
Found a scroll labelled QURRILAODAQ.
There is an open door here.
A jelly is nearby!
A jelly is nearby!
You hit the jelly. The acid corrodes you!
Your hands burn!
You headbutt the jelly!
The jelly is heavily wounded.
The jelly hits you.
You are splashed with acid.
You barely miss the jelly. You headbutt the jelly!
You kill the jelly!
You can now pass through a line of other dancers.
Your Fighting skill increases to level 7!
No target in view!
You are no longer corroded.
m - a scroll labelled QURRILAODAQ No target in view!
You open the door.
There is an open door here.
q - 4 potions of curing (gained 1)
You now have 284 gold pieces (gained 17).
An orc comes into view. It is wielding a +0 club.
The orc shouts!
You hear a shout!
An orc is nearby!
An orc is nearby!
An orc comes into view. It is wielding a +0 short sword.
You barely miss the orc. You block the orc's attack.
The orc hits you with a +0 club.
An orc comes into view. It is wielding a +0 short sword.
The orc shouts!
You slash the orc!
You kill the orc!
Things that are here:
a +0 club; a +0 leather armour; an orc corpse
Found a stone staircase leading down.
You block the orc's attack.
There are monsters nearby!
You slash the orc!
You kill the orc!
An orc is nearby!
You slash the orc!
You kill the orc!
You now have 295 gold pieces (gained 11).
l - 2 scrolls labelled BUIC WEDUR (gained 1)
An ogre comes into view. It is wielding a +0 giant spiked club.
The ogre shouts!
An ogre is nearby!
An ogre is nearby!
An ogre is nearby!
You hit the ogre. You headbutt the ogre!
The ogre is heavily wounded.
The ogre hits you with a +0 giant spiked club!!
You barely miss the ogre. You headbutt the ogre.
The ogre is heavily wounded.
You block the ogre's attack.
You barely miss the ogre.
The ogre is heavily wounded.
The ogre hits you with a +0 giant spiked club!!
* * * LOW HITPOINT WARNING * * *
You are too injured to fight recklessly!
You hit the ogre.
The ogre is almost dead.
The ogre hits you with a +0 giant spiked club!!
You die...

###.#..........#
...+..........#
#.####.#..........#
..................#
.####).).........#
#............#####
......##............#
###...##.....######.#
.....#.......@O....#
####..#......########
#..#......#
#..#..##### #.....#
##.##.# #.##.# #.##.#
#.##.#


You could see an ogre.

Vanquished Creatures
  Sigmund (D:3)
  An ogre (D:6)
  A kobold brigand (Sewer)
  A bullfrog (D:6)
  2 scorpions
  A jelly (D:6)
  2 hounds (D:5)
  2 sleepcaps
  An orc wizard (D:4)
  A mummy (D:5)
  A river rat (Sewer)
  7 adders
  A dart slug (D:1)
  3 ribbon worms
  7 orcs
  8 endoplasms
  6 giant cockroaches
  4 goblins
  10 hobgoblins
  8 jackals
  9 kobolds
  10 quokkas
  8 ball pythons
  8 bats
  6 frilled lizards
  7 rats
116 creatures vanquished.

Notes
Turn   | Place    | Note
-------+----------+-------------------------------------------
     0 | D:1      | Flugslaktarn the Minotaur Fighter began the quest for the
                  | Orb.
     0 | D:1      | Reached XP level 1. HP: 19/19 MP: 0/0
    97 | D:1      | Found Buipseim's Book Shoppe.
   108 | D:1      | Reached XP level 2. HP: 27/27 MP: 1/1
   138 | D:1      | Reached skill level 4 in Fighting
   786 | D:2      | Reached XP level 3. HP: 28/33 MP: 2/2
  1245 | D:2      | Reached XP level 4. HP: 41/41 MP: 3/3
  1673 | D:3      | Noticed a scorpion
  1676 | D:3      | Killed a scorpion
  1677 | D:3      | Reached skill level 5 in Fighting
  1677 | D:3      | Reached XP level 5. HP: 43/48 MP: 4/4
  1932 | D:3      | Found a bloodstained altar of Trog.
  1934 | D:3      | Found a hide-covered altar of Uskayaw.
  1939 | D:3      | Found a shadowy altar of Dithmenos.
  1941 | D:3      | Found an iron altar of Okawaru.
  1954 | D:3      | Became a worshipper of Uskayaw the Reveller
  2025 | D:3      | Reached * piety under Uskayaw
  2058 | D:3      | Noticed Sigmund
  2065 | D:3      | Reached ** piety under Uskayaw
  2069 | D:3      | Killed Sigmund
  2069 | D:3      | Reached *** piety under Uskayaw
  2070 | D:3      | Reached skill level 5 in Axes
  2070 | D:3      | Reached skill level 5 in Armour
  2070 | D:3      | Reached skill level 1 in Invocations
  2070 | D:3      | Reached XP level 6. HP: 47/57 MP: 4/6
  2216 | D:4      | Found a white marble altar of Elyvilon.
  2337 | D:4      | Found a runed translucent gate.
  2338 | D:4      | Found a runed translucent gate.
  2339 | D:4      | Found a runed translucent gate.
  2343 | D:4      | Noticed Melkor's ghost (amateur DjHW)
  2343 | D:4      | Noticed night's ghost (novice VSAl)
  2345 | D:4      | Noticed bmj180's ghost (amateur HuCj)
  2369 | D:4      | Reached skill level 6 in Fighting
  2463 | D:4      | Found Iparo's General Store.
  2906 | D:4      | Found a staircase to the Ecumenical Temple.
  3160 | D:5      | Entered Level 5 of the Dungeon
  3223 | D:5      | Reached XP level 7. HP: 64/64 MP: 7/7
  3570 | D:5      | Found a glowing drain.
  3585 | Sewer    | Entered a sewer
  3779 | Sewer    | Found a glowing silver altar of Zin.
  4303 | D:6      | Reached skill level 7 in Fighting
  4404 | D:6      | Demolished by an ogre

Illustrated notes

Levels and vault maps discovered:
D:1:      ldierk_walled_garden_2, layout_loops_ring, serial_shops,
          nicolae_shop_temple_entry_statues_fountains
D:2:      minmay_general_purpose_star, layout_basic
D:3:      layout_loops_ring, nicolae_overflow_macrodata_refinement, uniq_sigmund
D:4:      layout_cave_pods, mainiacjoe_overflow_tiny_flanked,
          minmay_temple_entry_butterflies, serial_shops, shop,
          gammafunk_ghost_cemetery, corexii_shack
D:5:      layout_basic, portal_sewer_entry_f, gup_ossuary_entry_pyramid
D:6:      layout_basic

Skill      XL: |  1  2  3  4  5  6  7 |
---------------+----------------------+-----
Fighting       | 4 5 6 7 |  7.0
Axes           | 3 4 5 6 |  6.3
Armour         | 4 5 |  5.6
Invocations    | 1 2 3 |  3.3
Shields        | |  3.6

Action                     |  1- 3 |  4- 6 |  7- 9 || total
---------------------------+-------+-------+-------++-------
  Melee: War axe           |   102 |    96 |    73 ||   271
         Headbutt          |    12 |    13 |    13 ||    38
    Use: Scroll            |       |     6 |       ||     6
         Potion            |       |     3 |       ||     3
   Stab: Paralysed         |       |     1 |     1 ||     2
 Armour: Scale mail        |    56 |    59 |    44 ||   159
  Dodge: Dodged            |    60 |    45 |    21 ||   126
  Block: Buckler           |    26 |    17 |    24 ||    67
         Reflection        |       |       |     1 ||     1

Table legend: (Time is in decaauts)
 A = Elapsed time spent in this place.
 B = Non-inter-level travel time spent in this place.
 C = Inter-level travel time spent in this place.
 D = Time resting spent in this place.
 E = Time spent auto-exploring this place.
 F = Levels seen in this place.
 G = Mean time per level.
                   A        B        C        D        E       F      G
               +--------+--------+--------+--------+--------+-----+--------+
         Total |   4509 |   4407 |    102 |    101 |   3576 |   7 |  644.1 |
       Dungeon |   4246 |   4144 |    102 |     95 |   3379 |   6 |  707.7 |
         Sewer |    262 |    262 |      0 |      6 |    197 |   1 |  262.0 |
               +--------+--------+--------+--------+--------+-----+--------+

Top non-repeatable levels by time:
     D:4: 966 daAuts
     D:1: 783 daAuts
     D:2: 763 daAuts
     D:5: 735 daAuts
     D:3: 710 daAuts
     D:6: 287 daAuts
   Sewer: 262 daAuts
